 Dungeon Crawl Stone Soup version 0.31.0-9-g3a7656b989 (webtiles) character file.

Game seed: 12115478223924204403

22673 GordonOverkill the Destroyer (level 12, -1/100 HPs)
             Began as a Demigod Gladiator on Jan 27, 2024.
             Slain by Amaemon
             ... wielding a +0 demon whip of venom
              (9 damage)
             ... on level 2 of the Lair of Beasts.
             The game lasted 00:40:10 (21519 turns).

GordonOverkill the Destroyer (Demigod Gladiator)   Turns: 21519, Time: 00:40:11

Health: -1/100     AC: 12    Str: 15    XL:     12   Next: 33%
Magic:  32/35      EV: 14    Int: 26    God:
Gold:   229        SH:  0    Dex: 15    Spells: 14/25 levels left

rFire   + . .        k - +4 short sword (venom)
rCold   + . .        (no shield)
rNeg    . . .        q - +0 robe
rPois   +            t - +2 helmet
rElec   +            S - +2 cloak {Stlth+}
rCorr   +            R - +0 pair of gloves
SInv    .            C - +2 pair of boots
Will    +....        e - amulet of magic regeneration
Stlth   ++           v - ring of magical power
HPRegen 0.36/turn    A - ring of resist corrosion
MPRegen 0.64/turn

%: no passive effects
@: lethally poisoned (-1 -> -11), resistant, very slightly contaminated, slowed,
very slow
A: high MP 1, forlorn, divine attributes
a: no special abilities


You were on level 2 of the Lair of Beasts.
You visited 2 branches of the dungeon, and saw 15 of its levels.
You also visited: Ossuary.

You collected 841 gold pieces.
You spent 612 gold pieces at shops.

Inventory:

Hand Weapons
 a - a +1 rapier
 k - a +4 short sword of venom (weapon)
 Q - the +5 Lochaber axe {reach-cleave, Poleaxe ^Drain}
   (You found it on level 10 of the Dungeon)

   Poleaxe:   It uses either Axes or Polearms skill, whichever is higher.
   ^Drain:    It drains your maximum health when unequipped.
Missiles
 d - 5 throwing nets (quivered)
 o - a javelin
 E - 4 silver javelins
Armour
 q - a +0 robe (worn)
 t - a +2 helmet (worn)
 C - a +2 pair of boots (worn)
 R - a +0 pair of gloves (worn)
 S - a +2 cloak of stealth (worn)
Magical Staves
 b - a staff of fire
 f - a staff of cold
Jewellery
 e - an amulet of magic regeneration (around neck)
 g - a ring of see invisible
 v - a ring of magical power (left hand)
 A - a ring of resist corrosion (right hand)
 G - a ring of poison resistance
 T - a ring of wizardry
Wands
 j - a wand of mindburst (2)
 x - a wand of paralysis (15)
 H - a wand of digging (6)
 J - a wand of flame (10)
 L - a wand of light (1)
Scrolls
 i - 2 scrolls of teleportation
 w - a scroll of immolation
 y - a scroll of fear {unknown}
 z - a scroll of poison {unknown}
 I - 2 scrolls of torment
 K - 2 scrolls of identify
 M - 2 scrolls of revelation {unknown}
 P - 2 scrolls of fog
Potions
 c - 2 potions of magic
 h - 2 potions of cancellation
 l - 2 potions of haste
 m - 3 potions of enlightenment
 n - 5 potions of might
 p - 5 potions of brilliance
 r - 3 potions of attraction
 s - 2 potions of resistance
 u - 4 potions of lignification
 B - 4 potions of invisibility
 D - a potion of mutation
 F - a potion of berserk rage
 N - a potion of heal wounds


   Skills:
 - Level 7.0 Fighting
 - Level 2.6 Short Blades
 - Level 1.7 Throwing
 - Level 5.0 Dodging
 - Level 7.0 Spellcasting
 - Level 11.0 Conjurations
 - Level 3.0 Necromancy
 + Level 7.6 Fire Magic
 - Level 2.0 Ice Magic
 - Level 8.0 Alchemy
 - Level 3.0 Evocations


You had 14 spell levels left.
You knew the following spells:

 Your Spells              Type           Power      Damage    Failure   Level
a - Irradiate             Conj/Alch      27%        3d20      3%          5
b - Sticky Flame          Fire/Alch      49%        2d9       2%          4
c - Sublimation of Blood  Necr           24%        N/A       2%          2

Your spell library contained the following spells:

 Spells                   Type           Power      Damage    Failure   Level
 Sting                    Conj/Alch      100%       1d9       1%          1
 Flame Wave               Conj/Fire      55%        2d13      1%          4
 Fulminant Prism          Conj/Alch      27%        3d14      1%          4
 Inner Flame              Hex/Fire       29%        N/A       3%          3
 Fugue of the Fallen      Necr           24%        N/A       5%          3
 Ozocubu's Armour         Ice            19%        N/A       9%          3
 Leda's Liquefaction      Alch/Erth      14%        N/A       12%         4
 Petrify                  Alch/Erth      29%        N/A       12%         4
 Eringya's Noxious Bog    Alch           25%        4d6       34%         6
 Manifold Assault         Tloc           9%         N/A       52%         4


Dungeon Overview and Level Annotations

Branches:
Dungeon (13/15)            Temple (0/1) D:7            Lair (2/5) D:9
    Orc (0/2) D:10        Ossuary (visited)
  Swamp: Lair:2-3    Shoals: Lair:2-3     Snake: Lair:2-3    Spider: Lair:2-3
 Vaults: D:13-14

Shops:
D:5 **   D:10 !?*((   D:11 :!!([

Portals:
Trove: D:13 (give +8 demon whip)

Annotations:
D:3 1 runed translucent door, Prykner's ghost, amateur HOFi
D:9 2 transporters, Eitelfritz's ghost, novice MiGl
Lair:2 Amaemon


Innate Abilities, Weirdness & Mutations

You have an increased reservoir of magic. (+10% MP)
You shall have no god before yourself.
Your divine heritage dramatically boosts your attributes as you level up.


Message History

* * * LOW HITPOINT WARNING * * *
Casting: Sticky Flame (mildly dangerous; 2% risk of failure)
Confirm with . or Enter, or press ? or * to list all spells.
You erupt in a fountain of uncontrolled magic!
The black mamba is blasted with magical radiation!!
The black mamba is heavily wounded.
The black mamba twists and deforms.
The orange demon is blasted with magical radiation!!
The orange demon is severely wounded.
The orange demon twists and deforms.
Amaemon is blasted with magical radiation!!
Amaemon is moderately wounded.
You are very lightly contaminated with residual magic.
You feel sick. The black mamba barely misses you. The orange demon stings you.
* * * LOW HITPOINT WARNING * * *
The orange demon hits you but does no damage.
The black mamba misses you.
Amaemon hits you with a +0 demon whip of venom.
* * * LOW HITPOINT WARNING * * *
You are more poisoned.
Amaemon claws you.
* * * LOW HITPOINT WARNING * * *
Amaemon tail-slaps you.
* * * LOW HITPOINT WARNING * * *
The orange demon stings you.
* * * LOW HITPOINT WARNING * * *
The orange demon barely misses you. The black mamba misses you.
You feel much better.
You feel very sick. The black mamba barely misses you.
Amaemon hits you with a +0 demon whip of venom!
* * * LOW HITPOINT WARNING * * *
Amaemon closely misses you.
Amaemon tail-slaps you but does no damage.
The black mamba closely misses you. The orange demon stings you.
* * * LOW HITPOINT WARNING * * *
The orange demon completely misses you.
Amaemon sighs, "Demons are the only companions you can really rely on."
Amaemon hits you with a +0 demon whip of venom!
You die...

#............#
#..........#
###......### #...#.##
###..## . ## ### #...#
.. #.####.#####..## ..#
#.#......##.64###..##
#.......####@S.......
##........####..#...#.
#........#.#..........
##........P............
#......................
##.....#...............
##.#.<†.......##......
#.#......P#.#P# ......
.....PP######## ......


You could see Amaemon, an orange demon (curare, misshapen) and a black mamba
(curare, misshapen).

Vanquished Creatures
  Gastronok (D:11)
  A hydra (D:13)
  3 two-headed ogres
  A boulder beetle (D:11)
  A deep elf pyromancer (D:9)
  A manticore (D:13)
  An ugly thing (D:12)
  A black mamba (Lair:1)
  4 cane toads
  3 gargoyles
  An unseen horror (D:12)
  4 komodo dragons (Lair:1)
  2 kobold demonologists (D:12)
  A polar bear (Lair:1)
  2 hornets
  8 blink frogs (Lair:1)
  Sigmund (D:4)
  4 slime creatures
  4 wraiths
  A vampire (D:10)
  A wyvern (D:9)
  Eustachio (D:6)
  2 shadows
  26 yaks
  A basilisk (Lair:1)
  2 wargs
  A basilisk (shapeshifter) (D:11)
  2 vampire mosquitoes (D:12)
  Menkaure (D:6)
  Duvessa (D:4)
  An acid dragon (D:10)
  4 water moccasins
  2 sky beasts
  2 orc warriors
  2 black bears
  4 centaurs
  4 wolves
  A phantom (D:6)
  3 kobold brigands
  4 bullfrogs
  2 gnoll sergeants
  A scorpion (D:6)
  Dowan (D:4)
  6 killer bees
  3 howler monkeys (D:8)
  A bullfrog zombie (Ossuary)
  4 hounds
  5 jellies
  9 orc priests
  2 sleepcaps
  Ijyb (D:4)
  3 iguanas
  16 orc wizards
  4 crocodile zombies (Ossuary)
  A hound zombie (Ossuary)
  8 mummies
  6 howler monkey zombies (Ossuary)
  8 adders
  13 gnolls
  A white imp (D:6)
  A dart slug (D:2)
  2 ribbon worms
  37 orcs
  2 bats
  2 endoplasms
  5 giant cockroaches
  9 goblins
  5 hobgoblins
  19 kobolds
  7 quokkas
  3 ball pythons
  3 ball python zombies (Ossuary)
  3 frilled lizards
  4 rats
307 creatures vanquished.

Notes
Turn   | Place    | Note
-------+----------+-------------------------------------------
     0 | D:1      | GordonOverkill the Demigod Gladiator began the quest for
                  | the Orb.
     0 | D:1      | Reached XP level 1. HP: 17/17 MP: 3/3
   264 | D:1      | Reached skill level 1 in Spellcasting
   461 | D:1      | Reached XP level 2. HP: 12/24 MP: 4/6
  1069 | D:2      | Reached XP level 3. HP: 29/29 MP: 8/8
  1184 | D:2      | Reached skill level 1 in Conjurations
  1640 | D:2      | Reached skill level 2 in Conjurations
  2206 | D:3      | Reached skill level 1 in Ice Magic
  2253 | D:3      | Reached XP level 4. HP: 36/36 MP: 9/9
  2486 | D:3      | Found a runed translucent door.
  2487 | D:3      | Noticed a bullfrog
  2995 | D:3      | Noticed Prykner's ghost (amateur HOFi)
  3379 | D:3      | Reached XP level 5. HP: 22/41 MP: 10/12
  3408 | D:4      | Reached skill level 3 in Conjurations
  3629 | D:4      | Noticed Dowan
  3778 | D:4      | Reached skill level 1 in Alchemy
  3827 | D:4      | Noticed Ijyb
  3827 | D:4      | Paralysed by Ijyb for 2 turns
  3840 | D:4      | Killed Ijyb
  3860 | D:4      | Noticed Sigmund
  3889 | D:4      | Killed Sigmund
  3890 | D:4      | Reached XP level 6. HP: 37/48 MP: 13/13
  3920 | D:4      | Killed Dowan
  4391 | D:4      | Noticed Duvessa
  4405 | D:4      | Killed Duvessa
  4406 | D:4      | Reached skill level 4 in Conjurations
  4406 | D:4      | Reached XP level 7. HP: 55/55 MP: 14/14
  4800 | D:5      | Entered Level 5 of the Dungeon
  4800 | D:5      | Noticed a yak
  4802 | D:5      | Noticed a yak
  4802 | D:5      | Noticed a yak
  4803 | D:5      | Noticed a yak
  4842 | D:4      | Killed a yak
  5091 | D:4      | Killed a yak
  5119 | D:5      | Learned a level 5 spell: Irradiate
  5178 | D:4      | Killed a yak
  5179 | D:4      | Reached skill level 5 in Conjurations
  5207 | D:5      | Killed a yak
  5208 | D:5      | Reached skill level 5 in Alchemy
  5208 | D:5      | Reached XP level 8. HP: 61/61 MP: 17/17
  5324 | D:5      | Found Caeggeudgh's Elemental Accessories.
  5718 | D:5      | Found Pawkes's Practical Paraphernalia.
  6409 | D:6      | Noticed Eustachio
  6422 | D:6      | Killed Eustachio
  6544 | D:6      | Reached skill level 6 in Conjurations
  6563 | D:6      | Found a sand-covered staircase.
  6569 | Ossuary  | Entered an ossuary
  7121 | Ossuary  | Reached skill level 7 in Conjurations
  7568 | Ossuary  | HP: 3/61 [poison]
  8653 | D:7      | Noticed Menkaure
  8658 | D:6      | Killed Menkaure
  8659 | D:6      | Reached XP level 9. HP: 58/67 MP: 18/18
  9296 | D:7      | Reached skill level 8 in Conjurations
  9494 | D:7      | Found a staircase to the Ecumenical Temple.
  9910 | D:8      | Noticed a gargoyle
  9915 | D:8      | Killed a gargoyle
 10096 | D:7      | Reached skill level 9 in Conjurations
 11022 | D:9      | Noticed a two-headed ogre
 11155 | D:9      | Noticed a deep elf pyromancer
 11338 | D:9      | Killed a deep elf pyromancer
 11339 | D:9      | Reached skill level 10 in Conjurations
 11339 | D:9      | Reached XP level 10. HP: 71/73 MP: 18/19
 11370 | D:9      | Killed a two-headed ogre
 11371 | D:9      | Reached skill level 5 in Spellcasting
 11588 | D:9      | Found a staircase to the Lair.
 11602 | D:9      | Noticed a two-headed ogre
 11614 | D:9      | HP: 3/73 [killer bee (7)]
 12331 | D:9      | Noticed Eitelfritz's ghost (novice MiGl)
 12488 | D:9      | Found a transporter.
 12670 | D:9      | Found a transporter.
 13645 | D:10     | Entered Level 10 of the Dungeon
 13805 | D:10     | Learned a level 4 spell: Sticky Flame
 14035 | D:10     | Reached skill level 11 in Conjurations
 14102 | D:10     | Found the +5 Lochaber axe {reach-cleave, Poleaxe ^Drain}
 14290 | D:10     | Found a staircase to the Orcish Mines.
 14429 | D:10     | Found Plog's Distillery.
 14588 | D:10     | Bought a potion of heal wounds for 70 gold pieces
 14588 | D:10     | Bought a potion of resistance for 140 gold pieces
 14588 | D:10     | Bought a potion of curing for 42 gold pieces
 14588 | D:10     | Bought a potion of curing for 42 gold pieces
 14675 | D:10     | Found Lyjaugil's Weapon Emporium.
 15134 | D:10     | Found Fimudus's General Store.
 15162 | D:10     | Bought a potion of heal wounds for 60 gold pieces
 15192 | D:10     | Found Suosul's Antique Weapon Shop.
 15633 | D:10     | Found Luwoan's Magic Scroll Shop.
 15743 | D:11     | Killed a two-headed ogre
 15766 | D:11     | Noticed a two-headed ogre
 15776 | D:11     | Killed a two-headed ogre
 15777 | D:11     | Reached skill level 5 in Fire Magic
 15777 | D:11     | Reached XP level 11. HP: 80/80 MP: 23/24
 15780 | D:11     | Learned a level 2 spell: Sublimation of Blood
 15828 | D:11     | Found Feifal's Distillery.
 15872 | D:11     | Noticed a boulder beetle
 15883 | D:11     | Killed a boulder beetle
 16088 | D:11     | Found Teeckoum's Antique Weapon Emporium.
 16094 | D:11     | Found Vybapn's Antique Armour Shoppe.
 16237 | D:11     | Found Licuq's Distillery.
 16271 | D:11     | Got Fir Daibb's Meditations on Ashen Tinctures
 16395 | D:11     | Noticed Gastronok
 16410 | D:11     | Killed Gastronok
 16411 | D:11     | Reached skill level 5 in Fighting
 16738 | D:11     | Found Foblolegec's Book Boutique.
 16898 | D:10     | Bought a +2 cloak of stealth for 258 gold pieces
 17662 | D:12     | Reached skill level 5 in Dodging
 17663 | D:12     | Reached skill level 1 in Evocations
 18216 | D:13     | Noticed a four-headed hydra
 18226 | D:13     | Killed a four-headed hydra
 18567 | D:13     | Noticed a vault guard
 19172 | D:13     | Found a portal to a secret trove of treasure.
 19227 | D:13     | Noticed a vault guard
 19418 | Lair:1   | Entered Level 1 of the Lair of Beasts
 20064 | Lair:1   | Reached XP level 12. HP: 89/95 MP: 25/25
 21503 | Lair:2   | Noticed Amaemon
 21519 | Lair:2   | Slain by Amaemon

Illustrated notes

Levels and vault maps discovered:
D:1:      minmay_arrival_radiant_lines, layout_basic
D:2:      layout_loops_ring, nicolae_ecumenical_snake_handling
D:3:      layout_basic, ebering_ghost_sewer_d
D:4:      layout_layer_cave, cheibrodos_sewer_entry_bend,
          serial_library_regret_index_branch_corner, uniq_duvessa, uniq_sigmund,
          uniq_ijyb
D:5:      layout_basic, nicolae_alphabet_shops,
          serial_library_hellmonk_hallway_b, nicolae_elemental_shop
D:6:      layout_rooms, gup_ossuary_entry_pyramid, uniq_eustachio
D:7:      layout_layer_cave, minmay_temple_entry_trees, palyth_stone_intersect,
          uniq_menkaure
D:8:      wander_river, layout_loops_cross
D:9:      layout_basic, chequers_temple_overflow_minitemple,
          erik_lair_orcish_takeover, gammafunk_ghost_stat_death, minivault_20,
          minmay_holes
D:10:     layout_basic, trog_hazing_becter, minmay_orc_entry_guard_dogs,
          serial_shops, shop, nicolae_shop_rolled_up, shop,
          nicolae_shop_statue_plus, shop, grunt_ministairs_4
D:11:     layout_irregular_city, serial_shops, nicolae_shop_statue_plus,
          nicolae_shop_industrial_runoff, kennysheep_mini,
          nicolae_shop_getting_attention, nicolae_shop_rolling_square,
          uniq_gastronok
D:12:     layout_cave_pools
D:13:     layout_long_grid, erik_vaults_1, enter_trove_5
Lair:1:   layout_concentric_octagons, minivault_23, lemuel_fruit_fields,
          grunt_megastairs_5
Lair:2:   layout_cave_pods, mainiacjoe_shoals_entry_four_pools,
          nicolae_spider_entry_orb_guardian, nzn_ghost_randoct, uniq_amaemon

Skill      XL: |  1  2  3  4  5  6  7  8  9 10 11 12 |
---------------+-------------------------------------+-----
Fighting       | 2 5 7 |  7.0
Spellcasting   | 1 2 3 4 6 7 |  7.0
Conjurations   | 2 3 4 5 7 10 11 | 11.0
Ice Magic      | 1 2 |  2.0
Alchemy        | 3 5 7 8 |  8.0
Fire Magic     | 5 7 |  7.6
Necromancy     | 3 |  3.0
Dodging        | 5 |  5.0
Evocations     | 3 |  3.0
Short Blades   | |  2.6
Throwing       | |  1.7

Action                     |  1- 3 |  4- 6 |  7- 9 | 10-12 || total
---------------------------+-------+-------+-------+-------++-------
  Melee: Rapier            |   136 |   171 |     4 |       ||   311
         Punch             |     3 |     3 |    10 |     6 ||    22
         Short sword       |       |       |   510 |   319 ||   829
   Cast: Irradiate         |       |       |    24 |    67 ||    91
         Sticky Flame      |       |       |       |    57 ||    57
  Evoke: Wand              |       |     2 |     9 |     2 ||    13
    Use: Scroll            |     4 |     3 |    14 |     8 ||    29
         Potion            |       |     5 |     4 |     6 ||    15
   Stab: Sleeping          |     3 |     1 |     2 |     2 ||     8
         Paralysed         |       |     9 |    34 |       ||    43
 Armour: Leather armour    |    74 |    95 |    42 |       ||   211
         Robe              |       |       |   238 |   387 ||   625
  Dodge: Dodged            |    96 |    98 |   285 |   329 ||   808
